 Dungeon Crawl Stone Soup version 0.29.1-15-g9cfb28693d (webtiles) character file.

Game seed: 15340850920206783504

116 Barneous the Magician (level 4, -1/40 HPs)
             Began as a Draconian Wanderer on Mar 24, 2023.
             Slain by a rat (2 damage)
             ... on level 3 of the Dungeon.
             The game lasted 00:05:04 (2328 turns).

Barneous the Magician (Draconian Wanderer)          Turns: 2328, Time: 00:05:04

Health: -1/40      AC:  8    Str: 14    XL:     4   Next: 69%
Magic:  10/10      EV: 12    Int: 15    God:
Gold:   159        SH:  0    Dex: 10    Spells: 8/12 levels left

rFire   . . .      SeeInvis .   c - +0 short sword
rCold   . . .      Faith    .   (no shield)
rNeg    . . .      Spirit   .   (body armour unavailable)
rPois   .          Reflect  .   (helmet restricted)
rElec   .          Harm     .   (no cloak)
rCorr   .          Rampage  .   d - +2 pair of gloves
Will    .....                   (no boots)
Stlth   ++........              (no amulet)
HPRegen 0.13/turn               (no ring)
MPRegen 0.12/turn               (no ring)

@: mighty, slowed, very slow
A: AC +5, unfitting armour, cold-blooded
a: no special abilities


You were on level 3 of the Dungeon.
You visited 1 branch of the dungeon, and saw 3 of its levels.

You collected 159 gold pieces.

Inventory:

Hand Weapons
 c - a +0 short sword (weapon)
Armour
 d - a +2 pair of gloves (worn)
Wands
 f - a wand of quicksilver (5)
Potions
 b - 2 potions of lignification


   Skills:
 + Level 3.9 Fighting
 * Level 1.6 Short Blades
 - Level 0.2 Maces & Flails
 + Level 2.4 Dodging
 * Level 1.6 Stealth
 * Level 4.5 Spellcasting
 * Level 0.8 Hexes


You had 8 spell levels left.
You knew the following spells:

 Your Spells              Type           Power      Damage    Failure   Level
a - Slow                  Hex            24%        N/A       12%         1
b - Inner Flame           Hex/Fire       4%         N/A       41%         3

Your spell library contained the following spells:

 Spells                   Type           Power      Damage    Failure   Level
 Frozen Ramparts          Ice            6%         1d1       45%         3
 Ice Form                 Ice/Tmut       3%         N/A       86%         4
 Summon Ice Beast         Ice/Summ       3%         N/A       86%         4


Dungeon Overview and Level Annotations

Branches:
Dungeon (3/15)

Altars:
The Shining One


Innate Abilities, Weirdness & Mutations

Your plain brown scales are hard. (AC +5)
You cannot fit into any form of body armour.
You are cold-blooded and may be slowed by cold attacks.


Message History

You are too injured to fight recklessly!
You are too injured to fight recklessly!
You are too injured to fight recklessly!
You are too injured to fight recklessly!
You are too injured to fight recklessly!
You are too injured to fight recklessly!
You are too injured to fight recklessly!
You are too injured to fight recklessly!
You are too injured to fight recklessly!
Aiming: Quicksilver Bolt
Press: ? - help, Shift-Dir - straight line, f - orc priest
Aim: an orc priest, wielding a +0 flail (71% to hit)
The bolt of dispelling energy misses the rat.
The bolt of dispelling energy hits the orc priest!
You kill the orc priest!
The kobold shouts!
The orc hits you but does no damage. The orc barely misses you.
The endoplasm freezes you.
You are frozen.
You feel yourself slow down. The rat closely misses you.
You feel better. The orc barely misses you. The endoplasm freezes you.
You are frozen.
You feel as though you will be slow longer.
The orc barely misses you. The rat bites you but does no damage.
You feel very mighty all of a sudden. The orc hits you with a +0 mace.
The orc hits you with a +0 hand axe.
* * * LOW HITPOINT WARNING * * *
The rat bites you.
* * * LOW HITPOINT WARNING * * *
The endoplasm freezes you.
You are frozen.
* * * LOW HITPOINT WARNING * * *
The orc closely misses you. The endoplasm misses you.
The rat bites you but does no damage. The orc hits you with a +0 hand axe.
* * * LOW HITPOINT WARNING * * *
You aren't carrying any scrolls.
You hit the endoplasm. You tail-slap the endoplasm.
You kill the endoplasm!
The rat bites you.
You die...

#.# ##....# ####.#
#####8....# # #....#
#...#.....# ## #.†..#
#._.......# #.
#....###...#.....# #.
#.....######8....###.
#.....# ##....##..
#.....# #...####.
#..o@o# #...# #..
*****#..)r## ##..#
#.. **,.....#.oK*
##..# #..
**,,.........# #...#
### *,,,$........#
##...# *,,,.........#
##...##
*,,,.........#
##....# ###
*,,,,........#
##....## #..
*,,,,,,,,,,*,*
#.....# #..


You could see 3 orcs, a kobold and a rat.

Vanquished Creatures
  An orc priest (D:3)
  2 adders (D:2)
  A worm (D:2)
  4 dart slugs
  An orc (D:3)
  8 endoplasms
  2 giant cockroaches
  7 hobgoblins
  4 jackals (D:1)
  5 kobolds
  A quokka (D:2)
  3 ball pythons
  3 bats
  8 frilled lizards
  4 goblins
  3 rats
57 creatures vanquished.

Notes
Turn   | Place    | Note
-------+----------+-------------------------------------------
     0 | D:1      | Barneous the Draconian Wanderer began the quest for the
                  | Orb.
     0 | D:1      | Barneous set off with the following items: a +0 club, a
                  | potion of attraction, a scroll of butterflies, a +2 pair of
                  | gloves; and the following spell memorised: Slow; and the
                  | following spells available to memorise: Inner Flame.
     0 | D:1      | Reached XP level 1. HP: 19/19 MP: 5/5
   213 | D:1      | Reached XP level 2. HP: 22/26 MP: 7/7
   780 | D:1      | Reached XP level 3. HP: 31/33 MP: 8/8
  1054 | D:2      | Found a faded altar of an unknown god.
  1597 | D:2      | Reached XP level 4. HP: 40/40 MP: 10/10
  1684 | D:2      | Reached skill level 1 in Short Blades
  1688 | D:2      | Learned a level 3 spell: Inner Flame
  2265 | D:3      | Found a glowing golden altar of the Shining One.
  2327 | D:3      | HP: 1/40 [orc/+0 hand axe (3)]
  2328 | D:3      | Slain by a rat

Illustrated notes

Levels and vault maps discovered:
D:1:      saegor_arrival_miasma, layout_loops_ring
D:2:      layout_loops_ring, ebering_ecumenical_altar_webs, hex_large
D:3:      layout_rooms, nicolae_tso_carved_into_rock, minmay_misc_feat_cross

Skill      XL: |  1  2  3  4 |
---------------+-------------+-----
Dodging        | 2 |  2.4
Short Blades   | 1 |  1.6
Fighting       | |  3.9
Maces & Flails | |  0.2
Stealth        | |  1.6
Spellcasting   | |  4.5
Hexes          | |  0.8

Action                   |  1- 3 |  4- 6 || total
-------------------------+-------+-------++-------
Melee: Club              |    47 |       ||    47
       Tailslap          |    19 |    12 ||    31
       Dagger            |    27 |       ||    27
       Short sword       |   106 |    49 ||   155
       Punch             |     5 |       ||     5
 Cast: Slow              |     2 |       ||     2
Evoke: Wand              |       |     1 ||     1
  Use: Scroll            |     1 |     3 ||     4
       Potion            |     3 |     2 ||     5
 Stab: Sleeping          |     2 |     2 ||     4
Armor: Skin              |    98 |    19 ||   117
Dodge: Dodged            |   157 |    34 ||   191
